 Dungeon Crawl Stone Soup version 0.23-a0-582-g1b4a0ca (webtiles) character file.

87033 Lanoc the Fighter (level 15, 0/101 HPs)
             Began as a Gargoyle Hunter on Dec 16, 2018.
             Was the Champion of Trog.
             Slain by an ettin
             ... wielding a +0 dire flail
              (26 damage)
             ... on level 1 of the Depths.
             The game lasted 01:45:13 (24683 turns).

Lanoc the Fighter (Gargoyle Hunter)                Turns: 24683, Time: 01:45:14

Health: 0/101      AC: 37    Str: 19    XL:     15   Next: 89%
Magic:  5/5        EV: 12    Int: 19    God:    Trog [******]
Gold:   2522       SH:  0    Dex: 17    Spells: 14/14 levels left

rFire    + + .     SeeInvis +   Y - +2 lajatang (antimagic)
rCold    + . .     Gourm    .   (shield currently unavailable)
rNeg     + . .     Faith    .   D - +4 chain mail {rF+}
rPois    ∞         Spirit   .   g - +1 hat {Int+3}
rElec    +         Reflect  .   P - +1 cloak {+Inv}
rCorr    .         Harm     .   c - +0 pair of gloves "Wuakent" {MR+ Int+2 Stlth-}
MR       ++...     Rnd*Rage +   C - +0 pair of boots {Fly}
Stlth    ..........             N - amulet of magic regeneration
HPRegen  0.26/turn              n - ring of see invisible
MPRegen  0.34/turn              A - ring "Bitut" {rF+ rC+ Int+2 Dex+4}

@: flying
A: big wings, thin metallic scales 1, berserk 1, negative energy resistance 1,
electricity resistance, unbreathing, petrification resistance, rot immunity, AC
+11
a: Stop Flying, Berserk, Trog's Hand, Brothers in Arms, Renounce Religion, Evoke
Invisibility


You were on level 1 of the Depths.
You worshipped Trog.
Trog was exalted by your worship.
You were not hungry.

You visited 5 branches of the dungeon, and saw 24 of its levels.
You also visited: Ossuary, Gauntlet and Ice Cave.

You collected 2652 gold pieces.
You spent 130 gold pieces at shops.

Inventory:

Hand Weapons
 a - a +1 hand crossbow
 b - a +5 great mace of flaming
 K - a +5 trident of freezing
 S - a +1 triple crossbow of flaming
 W - a +2 demon trident of flaming
 Y - a +2 antimagic lajatang (weapon)
Missiles
 d - 375 bolts
Armour
 c - the +0 pair of gloves "Wuakent" (worn) {MR+ Int+2 Stlth-}
   (You found it on level 8 of the Dungeon)

   It affects your intelligence (+2).
   It affects your resistance to hostile enchantments.
   It makes you less stealthy.
 g - a +1 hat of intelligence (worn)
 j - the +0 pair of gloves "Xuesa" {rPois rN++ Str-5 SInv}
   (You acquired it on level 15 of the Dungeon)

   It affects your strength (-5).
   It protects you from poison.
   It greatly protects you from negative energy.
   It lets you see invisible.
 C - a +0 pair of boots of flying (worn)
 D - a +4 chain mail of fire resistance (worn)
 P - a +1 cloak of invisibility (worn)
Jewellery
 n - a ring of see invisible (left hand)
 A - the ring "Bitut" (right hand) {rF+ rC+ Int+2 Dex+4}
   (You found it in a Gauntlet)

   [ring of protection from fire]

   It affects your intelligence (+2).
   It affects your dexterity (+4).
   It protects you from fire.
   It protects you from cold.
 F - an uncursed ring of resist corrosion
 I - the ring of Osem {rC+ Int+3}
   (You bought it in a shop on level 2 of the Orcish Mines)

   [ring of intelligence]

   It affects your intelligence (+3).
   It protects you from cold.
 N - an amulet of magic regeneration (around neck)
Wands
 m - a wand of digging (11)
 w - a wand of scattershot (9)
 y - a wand of flame (17)
 M - a wand of polymorph (20)
 R - a wand of enslavement (6)
 T - a wand of iceblast (24)
Scrolls
 e - a scroll of magic mapping
 h - 15 scrolls of teleportation
 p - 8 scrolls of remove curse
 q - 4 scrolls of fear
 u - 4 scrolls of enchant armour
 v - a scroll of blinking
 E - 2 scrolls of fog
 G - 4 scrolls of immolation
 J - 9 scrolls of enchant weapon
 Q - 2 scrolls of identify
Potions
 i - 5 potions of curing
 k - 4 potions of heal wounds
 o - 3 potions of magic
 r - 5 potions of lignification
 s - 3 potions of haste
 x - 2 potions of cancellation
 z - 2 potions of brilliance
 H - 2 potions of agility
 O - a potion of invisibility
Miscellaneous
 U - a fan of gales
Comestibles
 f - 37 rations
 B - 7 chunks of flesh


   Skills:
 + Level 14.7 Fighting
 + Level 12.5 Staves
 + Level 14.0 Crossbows
 + Level 14.5 Armour
 + Level 6.7 Dodging
 - Level 1.1 Stealth


You had 14 spell levels left.
You didn't know any spells.
Your spell library contained the following spells:

 Spells                   Type           Power        Failure   Level  Hunger
 Confusing Touch          Hex            #.....       77%         1    ##.....
 Confuse                  Hex            #.......     98%         3    ####...
 Gell's Gravitas          Tloc           #.........   98%         3    ####...
 Petrify                  Tmut/Erth      #.......     100%        4    #####..
 Metabolic Englaciation   Hex/Ice        #.........   100%        5    ######.
 Yara's Violent Unravell  Hex/Tmut       #.........   100%        5    ######.


Dungeon Overview and Level Annotations

Branches:
Dungeon (15/15)            Temple (1/1) D:4            Lair (6/6) D:8
 Shoals (0/4) Lair:4        Snake (0/4) Lair:2        Slime (0/5) Lair:5
    Orc (2/2) D:12            Elf (0/3) Orc:2        Depths (1/5) D:15
 Vaults: D:13-14

Altars:
Ashenzari
Cheibriados
Dithmenos
Elyvilon
Fedhas
Gozag
Hepliaklqana
Kikubaaqudgha
Makhleb
Nemelex Xobeh
Okawaru
Qazlal
Ru
Sif Muna
Trog
Uskayaw
Vehumet
Wu Jian
Xom
Yredelemnul
Zin
The Shining One
Beogh

Shops:
D:5 }   D:10 *   Orc:1 *[   Orc:2 =[*


Innate Abilities, Weirdness & Mutations

You are resistant to torment.
Your stone body is resilient. (AC +11)
You are immune to poison.
Your large and strong wings let you fly indefinitely.
You resist negative energy. (rN+)
You are resistant to electric shocks. (rElec)
You can survive without breathing.
You are immune to petrification.
You are immune to rotting.
You are partially covered in thin metallic scales. (AC +2)
You tend to lose your temper in combat.


Message History

There is a staircase to the Depths here.
You fly downwards.
Welcome to the Depths!
There is a staircase back to the Dungeon here.
An ettin comes into view.
It is wielding a +0 dire flail and a +0 great mace.
The ettin shouts in stereo!
The ettin moves out of view.
You slash the ettin!
The ettin is lightly wounded.
The ettin closely misses you.
The ettin hits you with a +0 great mace!!
You slash the ettin!
The ettin is moderately wounded.
The ettin hits you with a +0 dire flail!!
The ettin hits you with a +0 great mace!!
* * * LOW HITPOINT WARNING * * *
There is a staircase back to the Dungeon here.
The ettin hits you with a +0 dire flail.
* * * LOW HITPOINT WARNING * * *
The ettin hits you with a +0 great mace!!
You die...

...........##
#........#.#
#.......#
#......# #
.####..#...#.#
......##.....#
.####..#...##
###C....#
#.@....#.#
##......##
##......#
......##
.#.....# #
.....# .....#
.....#


You could see an ettin.

Vanquished Creatures
  Gastronok (Lair:1)
  Kirke (D:15)
  A dire elephant (D:15)
  The ghost of Ezoatsupp the Severer, a journeyman HOFi of Okawaru (Lair:3)
  2 minotaurs
  Harold (D:7)
  3 hydras
  A catoblepas (D:15)
  Erica (D:11)
  10 two-headed ogres
  3 ogre magi
  3 orc high priests (Orc:2)
  Urug (D:11)
  A hell hog (Gauntlet)
  3 death yaks (Lair:4)
  Sonja (Lair:5)
  Nergalle (Lair:1)
  A soul eater (Gauntlet)
  5 hell knights (D:11)
  2 unseen horrors
  5 skeletal warriors (D:15)
  Pikel (D:7)
  3 necromancers (D:11)
  6 orc knights
  5 ugly things
  A wolf spider (D:15)
  5 orc sorcerers (Orc:2)
  4 cyclopes
  2 manticores
  10 elephants
  3 ice statues (IceCv)
  4 black mambas
  Maurice (D:10)
  A gargoyle (D:15)
  A torpor snail (Lair:6)
  A spiny frog (shapeshifter) (D:13)
  8 spiny frogs
  6 rime drakes
  2 komodo dragons
  2 trolls
  3 hornets (Lair:6)
  2 slime creatures (D:15)
  Prince Ribbit (D:5)
  4 polar bears
  5 blink frogs (Lair:5)
  4 dream sheep (Lair:6)
  3 hippogriffs
  A shadow (D:12)
  13 spriggans
  2 wyverns
  2 fire bats (Gauntlet)
  A hog (D:15)
  22 yaks
  Grum (Lair:1)
  4 hungry ghosts
  A steam dragon (Lair:4)
  A basilisk (D:13)
  6 wargs
  Edmund (D:5)
  3 nagas (Lair:2)
  8 hell hounds
  14 water moccasins
  An acid dragon (D:15)
  9 porcupines
  8 black bears
  3 sky beasts
  2 slaves (D:7)
  19 orc warriors
  7 ice beasts
  17 ogres
  5 necrophages (D:7)
  5 phantoms
  34 wolves
  4 boggarts (Lair:6)
  13 centaurs
  10 crocodiles
  A big kobold (D:10)
  9 bullfrogs
  3 water moccasin zombies
  A wyvern skeleton (D:5)
  2 troll zombies (D:12)
  5 scorpions
  5 killer bees (D:12)
  3 electric eels
  3 vampire bats (Orc:1)
  20 wights
  5 howler monkeys
  4 crimson imps
  4 centaur zombies
  4 bullfrog zombies
  19 orc priests
  5 hounds
  5 centaur skeletons
  A bullfrog skeleton (D:10)
  6 iguanas
  Jessica (D:3)
  Ijyb (D:3)
  21 orc wizards
  5 hell rats (Lair:1)
  11 worker ants
  4 ogre zombies (D:12)
  A bullfrog simulacrum (D:10)
  2 big kobold zombies (Ossuary)
  A centaur simulacrum (D:10)
  A hound zombie (D:7)
  2 hound skeletons
  3 mummies
  2 worker ant zombies (D:7)
  A howler monkey zombie (D:7)
  A howler monkey skeleton (D:11)
  10 adders
  4 river rats (Lair:1)
  3 shadow imps
  17 white imps
  A howler monkey simulacrum (D:10)
  A worker ant simulacrum (D:10)
  2 adder skeletons
  6 adder zombies
  2 worms
  6 leopard geckos
  49 orcs
  10 bats
  4 giant cockroaches
  6 goblins
  3 hobgoblins
  16 jackals
  8 kobolds
  2 quokkas (D:4)
  A ball python (D:1)
  4 frilled lizards
  3 gnoll zombies (Ossuary)
  A goblin skeleton (D:12)
  2 goblin zombies (D:12)
  A hobgoblin skeleton (D:12)
  7 hobgoblin zombies
  3 kobold zombies (Ossuary)
  3 orc skeletons (D:12)
  13 orc zombies
  A quokka skeleton (D:5)
  A quokka zombie (D:6)
  9 rats
  A fungus (Lair:5)
  A withered plant (D:7)
716 creatures vanquished.

Vanquished Creatures (collateral kills)
  A fire bat (Gauntlet)
  A hell hound (Gauntlet)
2 creatures vanquished.

Vanquished Creatures (others)
  2 slaves (D:7)
  An ogre (D:7)
  2 orc wizards
  An adder (D:7)
  2 orcs
  A fungus (Lair:6)
  2 plants (Lair:6)
  10 withered plants
21 creatures vanquished.

Grand Total: 739 creatures vanquished

Notes
Turn   | Place    | Note
-------+----------+-------------------------------------------
     0 | D:1      | Lanoc the Gargoyle Hunter began the quest for the Orb.
     0 | D:1      | Reached XP level 1. HP: 12/12 MP: 1/1
    71 | D:1      | Reached XP level 2. HP: 11/18 MP: 2/2
   102 | D:1      | Reached skill level 1 in Armour
   512 | D:2      | Reached XP level 3. HP: 22/22 MP: 3/3
   997 | D:2      | Reached XP level 4. HP: 23/28 MP: 4/4
  1469 | D:3      | Noticed Jessica
  1473 | D:3      | Killed Jessica
  1646 | D:3      | Reached XP level 5. HP: 28/32 MP: 5/5
  1671 | D:3      | Noticed Ijyb
  1692 | D:3      | Killed Ijyb
  2077 | D:4      | Reached skill level 5 in Crossbows
  2145 | D:4      | Found a staircase to the Ecumenical Temple.
  2213 | D:4      | Found a sand-covered staircase.
  2339 | Ossuary  | Entered an ossuary
  2354 | Ossuary  | Reached XP level 6. HP: 35/38 MP: 6/6
  2926 | Temple   | Entered the Ecumenical Temple
  3041 | Temple   | Became a worshipper of Trog the Wrathful
  3075 | D:5      | Entered Level 5 of the Dungeon
  3081 | D:5      | Reached skill level 5 in Fighting
  3081 | D:5      | Reached XP level 7. HP: 44/44 MP: 7/7
  3138 | D:5      | Noticed Edmund
  3173 | D:5      | Killed Edmund
  3182 | D:5      | Reached skill level 5 in Armour
  3227 | D:5      | Noticed Prince Ribbit
  3238 | D:5      | Killed Prince Ribbit
  3238 | D:5      | Reached XP level 8. HP: 38/51 MP: 8/8
  3461 | D:5      | Found an opulent altar of Gozag.
  3653 | D:5      | Found Ycug's Gadget Shoppe.
  3985 | D:6      | Reached skill level 1 in Staves
  4172 | D:6      | Reached * piety under Trog
  4539 | D:7      | Reached XP level 9. HP: 46/57 MP: 9/9
  4627 | D:7      | Noticed Pikel
  4656 | D:7      | Killed Pikel
  4720 | D:7      | Found a white marble altar of Elyvilon.
  4872 | D:7      | Reached ** piety under Trog
  4944 | D:7      | Noticed Harold
  5041 | D:7      | Killed Harold
  5041 | D:7      | Reached skill level 5 in Staves
  5041 | D:7      | Reached XP level 10. HP: 55/65 MP: 10/10
  5575 | D:8      | Reached *** piety under Trog
  5607 | D:8      | Found a staircase to the Lair.
  6254 | D:8      | Got a creamy pearl robe
  6255 | D:8      | Identified the +1 robe "Xyodu" {-Cast rPois Regen+ Dex-5}
                  | (You found it on level 8 of the Dungeon)
  6305 | D:8      | Got a pair of jewelled gloves
  6306 | D:8      | Identified the +0 pair of gloves "Wuakent" {MR+ Int+2
                  | Stlth-} (You found it on level 8 of the Dungeon)
  7435 | D:10     | Entered Level 10 of the Dungeon
  7452 | D:10     | Reached XP level 11. HP: 68/72 MP: 11/11
  7557 | D:10     | Noticed Maurice
  7593 | D:10     | Killed Maurice
  7660 | D:10     | Found Jouzuggebe's Lightly-Used Armoury.
  7673 | D:10     | Reached skill level 10 in Fighting
  7776 | D:10     | Reached **** piety under Trog
  7986 | D:10     | Received a gift from Trog
  7986 | D:10     | Reached skill level 10 in Crossbows
  8246 | D:10     | Found a stormy altar of Qazlal.
  8299 | D:10     | Found a burning altar of Makhleb.
  8299 | D:10     | Noticed a cacodemon
  8361 | D:11     | Found a gate leading to a gauntlet.
  8361 | D:11     | Noticed a brown ugly thing
  8367 | Gauntlet | Entered a Gauntlet
  8367 | Gauntlet | Found a transporter.
  8367 | Gauntlet | Found a transporter.
  8371 | Gauntlet | Noticed a wizard
  8372 | Gauntlet | Found a transporter.
  8388 | Gauntlet | Found a transporter.
  8409 | Gauntlet | Found a transporter.
  8419 | Gauntlet | Found a transporter.
  8495 | Gauntlet | Noticed a soul eater
  8496 | Gauntlet | Found a transporter.
  8512 | Gauntlet | Found a transporter.
  8525 | Gauntlet | Noticed a death scarab
  8527 | Gauntlet | Found a transporter.
  8541 | Gauntlet | Found a transporter.
  8554 | Gauntlet | Noticed a hell hog
  8555 | Gauntlet | Found a transporter.
  8626 | Gauntlet | Found a transporter.
  8630 | Gauntlet | Found a transporter.
  8641 | Gauntlet | Found a transporter.
  8652 | Gauntlet | Found a transporter.
  8653 | Gauntlet | Noticed an orange crystal statue
  8709 | Gauntlet | Found a transporter.
  8709 | Gauntlet | Noticed a death scarab
  8794 | Gauntlet | Got a spiked plate armour
  8821 | Gauntlet | Killed a soul eater
  8821 | Gauntlet | Reached skill level 10 in Armour
  8911 | Gauntlet | Identified the +0 plate armour of Likletam {*Corrode MR+
                  | SInv} (You found it in a Gauntlet)
  9097 | Gauntlet | Killed a hell hog
  9116 | Gauntlet | Got a translucent turquoise ring
  9243 | Gauntlet | Noticed a minotaur
  9266 | Gauntlet | Killed a minotaur
  9281 | Gauntlet | Identified the Handbook of Ashen Confrontation
  9334 | D:11     | Killed a brown ugly thing
  9348 | D:11     | Identified the ring "Bitut" {rF+ rC+ Int+2 Dex+4} (You
                  | found it in a Gauntlet)
  9577 | D:11     | Noticed Erica
  9591 | D:11     | Killed Erica
  9832 | D:11     | Reached XP level 12. HP: 79/79 MP: 12/12
  9914 | D:11     | Received a gift from Trog
 10039 | D:11     | Noticed a hell knight
 10083 | D:11     | Noticed a hell knight
 10110 | D:11     | Noticed a hell knight
 10128 | D:11     | Killed a hell knight
 10146 | D:11     | Killed a hell knight
 10279 | D:11     | Killed a hell knight
 10311 | D:11     | Noticed a hell knight
 10334 | D:11     | Killed a hell knight
 10392 | D:11     | Noticed Urug
 10573 | D:11     | Killed Urug
 11261 | D:12     | Noticed a two-headed ogre
 11275 | D:12     | Killed a two-headed ogre
 11633 | D:12     | Reached XP level 13. HP: 71/86 MP: 13/13
 11655 | D:12     | Found a staircase to the Orcish Mines.
 11695 | D:12     | Reached ***** piety under Trog
 12048 | D:12     | Received a gift from Trog
 12276 | Orc:1    | Entered Level 1 of the Orcish Mines
 12380 | Orc:1    | Found Rofanwag's Mayhem Merchandise.
 12451 | Orc:1    | Found a frozen archway.
 12458 | Orc:1    | Received a gift from Trog
 12546 | IceCv    | Entered an ice cave
 12568 | IceCv    | Received a gift from Trog
 12593 | IceCv    | Found the +5 robe of Misfortune {*Contam Harm *Corrode
                  | *Drain *Slow EV+5}
 12620 | IceCv    | Reached skill level 10 in Staves
 13123 | IceCv    | Got a slimy lead ring
 13125 | IceCv    | Identified the ring of Dera {*Corrode rC+ rN+ SInv Stlth-}
                  | (You found it in an ice cave)
 13209 | Orc:1    | Found a runed door.
 13437 | Orc:1    | Found Vugeoram's Armour Boutique.
 13863 | Orc:1    | Found a roughly hewn altar of Beogh.
 13932 | Orc:2    | Entered Level 2 of the Orcish Mines
 14720 | Orc:2    | Found a staircase to the Elven Halls.
 14862 | Orc:2    | Found Aprehin's Assorted Antiques.
 15723 | Orc:2    | Gained mutation: Armour fits poorly on your strangely
                  | shaped body. [a neqoxec]
 15754 | Orc:2    | Received a gift from Trog
 15782 | Orc:2    | Lost mutation: Armour fits poorly on your strangely shaped
                  | body. [potion of mutation]
 15782 | Orc:2    | Gained mutation: Your muscles are strong. (Str +2) [potion
                  | of mutation]
 15782 | Orc:2    | Lost mutation: Your muscles are strong. (Str +2) [potion of
                  | mutation]
 15782 | Orc:2    | Gained mutation: You tend to lose your temper in combat.
                  | [potion of mutation]
 15782 | Orc:2    | Gained mutation: You are partially covered in thin metallic
                  | scales. (AC +2) [potion of mutation]
 15994 | Orc:2    | Gained mutation: Your large and strong wings let you fly
                  | indefinitely. [Gargoyle growth]
 15994 | Orc:2    | Reached XP level 14. HP: 94/94 MP: 4/14
 16048 | Orc:2    | Found Jurch's Antique Armour Shop.
 16052 | Orc:2    | Bought a slimy turquoise ring for 130 gold pieces
 16054 | Orc:2    | Found Qeotes's Jewellery Shop.
 16056 | Orc:2    | Found Jaimyg's General Store.
 16067 | Orc:2    | Identified the ring of Osem {rC+ Int+3} (You bought it in a
                  | shop on level 2 of the Orcish Mines)
 16297 | Lair:1   | Entered Level 1 of the Lair of Beasts
 16326 | Lair:1   | Noticed Grum
 16357 | Lair:1   | Killed Grum
 16624 | Lair:1   | Noticed Gastronok
 16634 | Lair:1   | Killed Gastronok
 16993 | Lair:1   | Noticed Nergalle
 17006 | Lair:1   | Killed Nergalle
 17459 | Lair:2   | Found a staircase to the Snake Pit.
 17475 | Lair:2   | Received a gift from Trog
 17607 | Lair:2   | Got a crude hand axe
 17608 | Lair:2   | Identified the cursed +0 hand axe "Ygrieg" {chop, rN++}
                  | (You found it on level 2 of the Lair of Beasts)
 18068 | Lair:3   | Noticed Ezoatsupp's ghost (journeyman HOFi)
 18098 | Lair:3   | Found a runed gate.
 18098 | Lair:3   | Found a runed gate.
 18098 | Lair:3   | Found a runed gate.
 19153 | Lair:4   | Found a staircase to the Shoals.
 20100 | Lair:5   | Received a gift from Trog
 20521 | Lair:5   | Noticed Sonja
 20536 | Lair:5   | Killed Sonja
 20625 | Lair:5   | Found a staircase to the Slime Pits.
 21027 | Lair:6   | Entered Level 6 of the Lair of Beasts
 21043 | Lair:6   | Reached skill level 5 in Dodging
 21460 | Lair:6   | Reached XP level 15. HP: 69/100 MP: 5/15
 23098 | Lair:3   | Received a gift from Trog
 23144 | Lair:3   | Killed Ezoatsupp's ghost
 23509 | D:13     | You are sucked into a shaft for 2 floors!
 23509 | D:15     | Entered Level 15 of the Dungeon
 24095 | D:15     | Received a gift from Trog
 24136 | D:15     | Reached ****** piety under Trog
 24293 | D:15     | Found a glowing silver altar of Zin.
 24293 | D:15     | Noticed an angel
 24293 | D:15     | Noticed Kirke
 24303 | D:15     | Killed Kirke
 24442 | D:15     | Found a staircase to the Depths.
 24475 | D:15     | Received a gift from Trog
 24500 | D:15     | Identified a scroll of acquirement
 24501 | D:15     | Got a pair of spiked gloves
 24512 | D:15     | Identified the +0 pair of gloves "Xuesa" {rPois rN++ Str-5
                  | SInv} (You acquired it on level 15 of the Dungeon)
 24665 | Depths:1 | Entered Level 1 of the Depths
 24683 | Depths:1 | Slain by an ettin

Vault maps used:
D:1:      evilmike_arrival_run_for_it
D:2:      first_ration
D:3:      uniq_terence, uniq_ijyb, uniq_jessica
D:4:      minmay_temple_entry_statues_pillars,
          nicolae_ossuary_entry_false_entrances
D:5:      serial_shops, kennysheep_little_box, nicolae_gozag_seed_capital,
          uniq_edmund, uniq_prince_ribbit1
D:6:      kennysheep_generic_room_14
D:7:      elyvilon_altar_5, serial_undead, serial_undead_d, serial_undead_b,
          serial_undead_b, serial_undead_e, serial_undead_a, serial_undead_a,
          serial_undead_c, serial_undead_d, uniq_pikel, uniq_harold
D:8:      lair_entry_dummy
D:10:     serial_ice, serial_ice_k, serial_ice_g, serial_ice_h, serial_ice_a,
          serial_ice_c, serial_ice_b, basic_altar, the_bakery,
          minmay_shop_damaged, makhleb_altar_promises_db, uniq_maurice
D:11:     gauntlet_entry_generic, serial_bayou_pond_d, minmay_rotating_lava,
          uniq_erica, uniq_urug
D:12:     zombieorc1_lemuel, serial_glass, glass_columns_b, glass_columns_a,
          minmay_strange_pillars
D:13:     grunt_vaults_entry_tiered, feat_on_display, uniq_nessos, uniq_erolcha
D:15:     hangedman_depths_entry_try_elsewhere_first, zin_angel, uniq_kirke
Temple:   compressed_dpeg_circular_temple
Lair:1:   kennysheep_abandoned_house, uniq_grum, uniq_nergalle, uniq_gastronok
Lair:2:   guppyfry_snake_entry_garden
Lair:3:   maelrawn_ghost_gauntlet_escape, grunt_megastairs_1
Lair:4:   shoals_dummy_entry, nicolae_quartered_pool_little
Lair:5:   dpeg_slime_entry_corner, uniq_sonja
Lair:6:   minmay_lair_end_enchanted_forest, minmay_lair_drake_nest
Orc:1:    portal_ice_cave_entry_imps, serial_shops, shop,
          nicolae_orc_sculptors_studio, roderic_batcave, minmay_shop_mayhem,
          lightli_church_of_beogh
Orc:2:    st_orc_elflike, mines5_lemuel
Depths:1: minmay_strange_pillars, grunt_hell_entry_dis_mu,
          chequers_serial_rivers_micro_e, minmay_misc_feat_diagonals,
          horrible_house_mu, uniq_saint_roka, uniq_asterion
Ossuary:  ossuary_tomb_2
IceCv:    ice_cave_statue_garden_chambered
Gauntlet: gammafunk_gauntlet_branching

Skill      XL: |  1  2  3  4  5  6  7  8  9 10 11 12 13 14 15 |
---------------+----------------------------------------------+-----
Armour         | 1 2 3 4 5 6 8 9 10 11 12 13 14 | 14.5
Fighting       | 3 4 5 6 7 8 9 10 12 13 14 | 14.7
Crossbows      | 5 6 7 8 9 10 11 12 13 14 | 14.0
Staves         | 3 5 6 8 9 10 11 12 | 12.5
Dodging        | 3 5 6 |  6.7
Stealth        | |  1.1

Action                   |  1- 3 |  4- 6 |  7- 9 | 10-12 | 13-15 || total
-------------------------+-------+-------+-------+-------+-------++-------
Melee: Staff             |       |       |   109 |       |       ||   109
       Trident           |       |       |    19 |   695 |   594 ||  1308
       Demon trident     |       |       |       |       |   152 ||   152
       Lajatang          |       |       |       |       |  1097 ||  1097
 Fire: Hand crossbow     |    70 |   214 |   261 |   314 |       ||   859
       Triple crossbow   |       |       |       |       |    23 ||    23
Throw: Stone             |       |       |    18 |     4 |       ||    22
Invok: Berserk           |       |       |       |     9 |    27 ||    36
       Trog's Hand       |       |       |       |     1 |       ||     1
       Brothers in Arms  |       |       |       |     1 |       ||     1
 Abil: Stop Flying       |       |       |       |       |     1 ||     1
       Evoke Flight      |       |       |       |       |     1 ||     1
  Use: Scroll            |       |     4 |       |    12 |    15 ||    31
       Potion            |       |       |     5 |    10 |     2 ||    17
  Eat: Chunk             |       |     3 |    12 |    21 |    55 ||    91
       Ration            |       |     1 |       |     6 |     4 ||    11
Armor: Leather armour    |    20 |    80 |    13 |       |       ||   113
       Chain mail        |       |       |   301 |   636 |  1696 ||  2633
Dodge: Dodged            |    18 |    84 |   123 |   336 |  1083 ||  1644

Table legend:
 A = Non-vault XP
 B = Vault XP
 C = Vault XP percentage of total XP
 D = Non-vault monster count
 E = Vault monster count
 F = Vault count percentage of total count
                 A         B        C        D         E       F
            +---------+---------+-------+---------+---------+-------
      Total |   68962 |   55372 |  44.5 |     431 |     284 |  39.7
            +---------+---------+-------+---------+---------+-------
        D:1 |      28 |       5 |  15.2 |      16 |       1 |   5.9
        D:2 |      49 |       0 |   0.0 |       8 |       0 |   0.0
        D:3 |      60 |      73 |  54.9 |      25 |       2 |   7.4
        D:4 |     110 |       0 |   0.0 |      13 |       0 |   0.0
        D:5 |     372 |     430 |  53.6 |      17 |       2 |  10.5
        D:6 |     602 |       0 |   0.0 |      16 |       0 |   0.0
        D:7 |    1355 |    2965 |  68.6 |      22 |      25 |  53.2
        D:8 |    1279 |       0 |   0.0 |      32 |       0 |   0.0
        D:9 |    1566 |       0 |   0.0 |      14 |       0 |   0.0
       D:10 |    1633 |    1530 |  48.4 |      22 |      14 |  38.9
       D:11 |    2392 |    8588 |  78.2 |      24 |      17 |  41.5
       D:12 |    6806 |     695 |   9.3 |      33 |      28 |  45.9
       D:13 |    2899 |       0 |   0.0 |      17 |       0 |   0.0
       D:15 |   15434 |    5010 |  24.5 |      27 |       6 |  18.2
     Lair:1 |    2206 |    4109 |  65.1 |      11 |      21 |  65.6
     Lair:2 |    3299 |     479 |  12.7 |      16 |       3 |  15.8
     Lair:3 |    2369 |    2884 |  54.9 |      11 |       5 |  31.2
     Lair:4 |    4295 |       0 |   0.0 |      12 |       0 |   0.0
     Lair:5 |    5375 |     807 |  13.1 |      16 |       1 |   5.9
     Lair:6 |   10230 |    9646 |  48.5 |      34 |      48 |  58.5
      Orc:1 |    1533 |    1935 |  55.8 |      20 |      32 |  61.5
      Orc:2 |    5070 |    9575 |  65.4 |      25 |      35 |  58.3
    Ossuary |       0 |     284 | 100.0 |       0 |      25 | 100.0
      IceCv |       0 |    3189 | 100.0 |       0 |      11 | 100.0
   Gauntlet |       0 |    3168 | 100.0 |       0 |       8 | 100.0
            +---------+---------+-------+---------+---------+-------
